 Dungeon Crawl Stone Soup version 0.28-a0-1429-gf3d713df7a (webtiles) character file.

Game seed: 1961185312540632563

39 Gargoyl the Skirmisher (level 3, 0/35 HPs)
             Began as a Gnoll Abyssal Knight on Jan 8, 2022.
             Was a Follower of Lugonu.
             Slain by Sigmund (5 damage)
             ... on level 3 of the Dungeon.
             The game lasted 00:02:51 (1367 turns).

Gargoyl the Skirmisher (Gnoll Abyssal Knight)       Turns: 1367, Time: 00:02:51

Health: 0/35       AC:  3    Str: 14    XL:     3   Next: 47%
Magic:  6/6        EV: 12    Int:  9    God:    Lugonu [*.....]
Gold:   79         SH:  0    Dex: 12    Spells: 3/3 levels left

rFire   . . .      SeeInvis .   a - +1 hand axe
rCold   . . .      Faith    .   (no shield)
rNeg    . . .      Spirit   .   b - +0 leather armour
rPois   .          Reflect  .   (no helmet)
rElec   .          Harm     .   (no cloak)
rCorr   .          Rampage  .   (no gloves)
Will    .....                   (no boots)
Stlth   +.........              (no amulet)
HPRegen 0.11/turn               (no ring)
MPRegen 0.10/turn               (no ring)

@: attractive
A: fangs 1, strong nose, distributed training
a: Renounce Religion, Depart the Abyss


You were on level 3 of the Dungeon.
You worshipped Lugonu.
Lugonu was aware of your devotion.
You visited 1 branch of the dungeon, and saw 3 of its levels.
You visited the Abyss 1 time.

You collected 79 gold pieces.

Inventory:

Hand Weapons
 a - a +1 hand axe (weapon)
Armour
 b - a +0 leather armour (worn)
Scrolls
 f - a scroll of identify


   Skills:
 + Level 6.5 Fighting
 + Level 0.8 Short Blades
 + Level 0.8 Long Blades
 + Level 4.5 Axes
 + Level 0.8 Maces & Flails
 + Level 0.8 Polearms
 + Level 0.8 Staves
 + Level 0.8 Slings
 + Level 0.8 Bows
 + Level 0.8 Crossbows
 + Level 0.8 Throwing
 + Level 4.5 Armour
 + Level 2.6 Dodging
 + Level 0.8 Stealth
 + Level 0.8 Shields
 + Level 0.8 Unarmed Combat
 + Level 0.8 Spellcasting
 + Level 0.5 Conjurations
 + Level 0.5 Hexes
 + Level 0.5 Summonings
 + Level 0.5 Necromancy
 + Level 0.5 Translocations
 + Level 0.5 Transmutations
 + Level 0.5 Fire Magic
 + Level 0.5 Ice Magic
 + Level 0.5 Air Magic
 + Level 0.5 Earth Magic
 + Level 0.5 Poison Magic
 + Level 4.6 Invocations
 + Level 0.8 Evocations


You had 3 spell levels left.
You didn't know any spells.
Your spell library was empty.

Dungeon Overview and Level Annotations

Branches:
Dungeon (3/15)

Altars:

Shops:
D:2 ?

Annotations:
D:3 Ijyb, Sigmund


Innate Abilities, Weirdness & Mutations

You have very sharp teeth.
Your uncanny sense of smell can sniff out nearby items.
Your experience applies equally to all skills.


Message History

* * * LOW HITPOINT WARNING * * *
As you read the scroll labelled APSUIT VUARCH, it crumbles to dust.
You assume a fearsome visage.
Ijyb looks frightened!
The endoplasm looks frightened!
It was a scroll of fear.
Ijyb is attracted toward you. The endoplasm is attracted toward you.
As you read the scroll labelled MOITIUFFEOKHLE, it crumbles to dust.
You hear a loud clanging noise!
It was a scroll of noise.
Ijyb cries, "Mercy!"
Ijyb is attracted toward you. The endoplasm is attracted toward you.
Unknown command.
As you read the scroll labelled XONNEB ULERY, it crumbles to dust.
It is a scroll of identify.
g - a scroll of blinking Ijyb looks rattled.
Ijyb is attracted toward you. The endoplasm is attracted toward you.
Okay, then.
You barely miss Ijyb.
Ijyb is heavily wounded.
Ijyb is attracted toward you. The endoplasm is attracted toward you.
You catch the helpless Ijyb completely off-guard!
You hit Ijyb.
Your attack snaps Ijyb out of her fear.
Ijyb is heavily wounded.
Ijyb is attracted toward you. The endoplasm is attracted toward you.
You barely miss Ijyb.
Ijyb is heavily wounded.
Sigmund the Dreaded comes into view.
He is wielding a +0 scythe and wearing a +2 robe of willpower.
The endoplasm jiggles.
Sigmund is attracted toward you. Ijyb is attracted toward you.
The endoplasm is attracted toward you.
Blink to where?
Press: ? - help, Dir - move target
As you read the scroll of blinking, it crumbles to dust.
Sigmund is attracted toward you. Sigmund is attracted toward you.
Sigmund looks at you with fury. Sigmund casts a spell at you.
You resist with significant effort. Sigmund is attracted toward you.
Sigmund hits you from afar with a +0 scythe.
You die...

######### ########
#.......###
#......#
#.#####.... ####
#.####.#
#.....#.... .....
#.# #.#
##.###.#....
###..§######.####.#
#...........
....§J.§......§@..#
#..>........
.##.§g######.###..#
#........... #.§
#.# #@.#
#........... #.
#.###..#
#.......#.## #
#......#
#.......#.#
#####.##
#.......... #.#
###.#######. ###.##
#.# ##....## #.#
##......#####.#
+...............#


You could see Sigmund.

Vanquished Creatures
  A dart slug (D:2)
  3 bats
  2 endoplasms
  7 goblins
  4 hobgoblins
  2 quokkas (D:1)
  9 ball pythons
  3 frilled lizards
  3 kobolds
  2 rats (D:1)
36 creatures vanquished.

Notes
Turn   | Place    | Note
-------+----------+-------------------------------------------
     0 | Abyss:1  | Gargoyl the Gnoll Abyssal Knight began the quest for the
                  | Orb.
     0 | Abyss:1  | Reached XP level 1. HP: 23/23 MP: 3/3
     0 | D:1      | Escaped the Abyss
   153 | D:1      | Reached XP level 2. HP: 29/29 MP: 5/5
   250 | D:1      | Reached * piety under Lugonu
   473 | D:1      | Reached XP level 3. HP: 35/35 MP: 6/6
   713 | D:1      | Found a faded altar of an unknown god.
   916 | D:2      | Found Haluf's Magic Scroll Emporium.
  1343 | D:3      | Noticed Ijyb
  1363 | D:3      | Noticed Sigmund
  1367 | D:3      | Slain by Sigmund

Illustrated notes

Levels and vault maps discovered:
D:1:      dpeg_arrival_radiant, layout_loops_cross,
          dilly_ecumenical_altar_fadedgnrine
D:2:      layout_basic, serial_shops, nicolae_shop_crystal,
          kennysheep_generic_room_14
D:3:      layout_loops_corners, uniq_sigmund, uniq_ijyb, uniq_grinder

Action                   || total
-------------------------++-------
Melee: Hand axe          ||    94
       Bite              ||     4
       Punch             ||     2
Invok: Depart the Abyss  ||     1
  Use: Scroll            ||     4
       Potion            ||     1
 Stab: Sleeping          ||     1
       Fleeing           ||     1
Armor: Leather armour    ||    26
Dodge: Dodged            ||    69

Table legend: (Time is in decaauts)
 A = Elapsed time spent in this place.
 B = Non-inter-level travel time spent in this place.
 C = Inter-level travel time spent in this place.
 D = Time resting spent in this place.
 E = Time spent auto-exploring this place.
 F = Levels seen in this place.
 G = Mean time per level.
                   A        B        C        D        E       F      G
               +--------+--------+--------+--------+--------+-----+--------+
         Total |   1373 |   1352 |     21 |      0 |   1016 |   4 |  343.2 |
       Dungeon |   1373 |   1352 |     21 |      0 |   1016 |   3 |  457.7 |
         Abyss |      0 |      0 |      0 |      0 |      0 |   1 |    0.0 |
               +--------+--------+--------+--------+--------+-----+--------+

Top non-repeatable levels by time:
     D:1: 834 daAuts
     D:2: 397 daAuts
     D:3: 142 daAuts
